 Dungeon Crawl Stone Soup version 0.24.0-13-gcf9b319 (webtiles) character file.

Game seed: 18345018568223714175, levelgen mode: deterministic

158 Bronimir the Slasher (level 5, -1/41 HPs)
             Began as a Barachi Skald on Apr 12, 2020.
             Slain by an orc
             ... wielding a +0 short sword
              (5 damage)
             ... on level 3 of the Dungeon.
             The game lasted 00:06:49 (3330 turns).

Bronimir the Slasher (Barachi Skald)                Turns: 3330, Time: 00:06:49

Health: -1/41      AC:  5    Str: 13    XL:     5   Next: 39%
Magic:  2/8        EV:  9    Int: 13    God:
Gold:   141        SH:  0    Dex: 12    Spells: 7/8 levels left

rFire    . . .     SeeInvis .   a - +0 falchion
rCold    . . .     Gourm    .   (no shield)
rNeg     . . .     Faith    .   b - +0 leather armour
rPois    .         Spirit   .   (no helmet)
rElec    .         Reflect  .   (no cloak)
rCorr    .         Harm     .   e - +1 pair of gloves
MR       .....     Rnd*Tele +   (no boots)
Stlth    +.........             (no amulet)
HPRegen  0.13/turn              l - -3 ring of evasion
MPRegen  0.11/turn              o - ring of teleportation

@: lethally poisoned (-1 -> -3), infused, can't hop, slow
A: +LOS, swims, slowness 1, strong legs 1
a: Hop


You were on level 3 of the Dungeon.
You were not hungry.

You visited 1 branch of the dungeon, and saw 3 of its levels.

You collected 141 gold pieces.

Inventory:

Hand Weapons
 a - a +0 falchion (weapon)
 h - a +0 hand axe of flaming
Missiles
 c - 49 stones
 k - 29 poisoned darts (quivered)
 p - 10 arrows
Armour
 b - a +0 leather armour (worn)
 e - a +1 pair of gloves (worn)
Jewellery
 l - a -3 ring of evasion (left hand)
 o - a ring of teleportation (right hand)
Scrolls
 f - 2 scrolls of identify
 j - a scroll of enchant weapon {unknown}
 m - a scroll of teleportation
Comestibles
 d - 7 rations


   Skills:
 * Level 3.0 Fighting
 * Level 4.3 Long Blades
 * Level 2.8 Armour
 + Level 2.8 Dodging
 + Level 2.4 Spellcasting
 * Level 4.1 Charms


You had 7 spell levels left.
You knew the following spells:

 Your Spells              Type           Power        Failure   Level  Hunger
a - Infusion              Chrm           ##..         6%          1    #......

Your spell library contained the following spells:

 Spells                   Type           Power        Failure   Level  Hunger
 Song of Slaying          Chrm           ##......     9%          2    ###....
 Shroud of Golubria       Chrm/Tloc      #.....       21%         2    ###....
 Regeneration             Chrm/Necr      #.........   38%         3    ###....
 Spectral Weapon          Hex/Chrm       #.......     38%         3    ###....


Dungeon Overview and Level Annotations

Branches:
Dungeon (3/15)

Altars:


Innate Abilities, Weirdness & Mutations

Shadows flee at your approach. (+LOS)
You can swim through water.
You cover ground slowly.
You can hop short distances.


Message History

The adder is heavily wounded.
The adder bites you.
* * * LOW HITPOINT WARNING * * *
You hit the adder.
You kill the adder!
You hit the goblin!
You kill the goblin!
You feel sick.
A kobold comes into view. It is wielding a +0 short sword.
The kobold shouts!
You hit the goblin!
You kill the goblin!
You aren't carrying any potions.
Unknown command.
You aren't carrying any potions.
You barely miss the orc.
You feel sick. The orc hits you with a +0 short sword.
* * * LOW HITPOINT WARNING * * *
As you read the scroll of fog, it crumbles to dust.
The scroll dissolves into smoke.
The orc hits you with a +0 short sword.
You die...

....#... ....#......
...........
...K...... .........
...... . ##.... ....
(.###...K#####.#...
....
........So@ยงยง......
..?.
.......oo#####.#.##
.... .........o..#
#... ..<..###.S..#
.## .. #...
#....##+#.. . #..
#......... # .
##..S.....
..####........
......o.......


You could see an orc priest, an adder, an orc and a kobold.

Vanquished Creatures
  An orc priest (D:3)
  An iguana (D:2)
  5 adders
  An ooze (D:1)
  A worm (D:2)
  A leopard gecko (D:2)
  3 orcs (D:3)
  6 bats
  3 giant cockroaches
  7 goblins
  4 hobgoblins
  4 jackals (D:2)
  2 kobolds
  A ball python (D:3)
  A frilled lizard (D:1)
  7 rats
48 creatures vanquished.

Notes
Turn   | Place    | Note
-------+----------+-------------------------------------------
     0 | D:1      | Bronimir the Barachi Skald began the quest for the Orb.
     0 | D:1      | Reached XP level 1. HP: 17/17 MP: 3/3
   316 | D:1      | Reached XP level 2. HP: 22/23 MP: 5/5
   844 | D:1      | Reached XP level 3. HP: 14/28 MP: 6/6
  1147 | D:2      | HP: 1/28 [adder (2)]
  2168 | D:2      | HP: 1/28 [poisoned by an adder]
  2509 | D:2      | Reached XP level 4. HP: 32/34 MP: 7/7
  3299 | D:3      | Reached XP level 5. HP: 33/41 MP: 8/8
  3330 | D:3      | Slain by an orc

Levels and vault maps discovered:
D:1:      minmay_arrival_three_doors, layout_basic, serial_park_tiny_2
D:2:      layout_loops_ring
D:3:      layout_basic, lemuel_flame_loot_1

Skill      XL: |  1  2  3  4  5 |
---------------+----------------+-----
Long Blades    | 3 4 |  4.3
Armour         | 2 |  2.8
Fighting       | 3 |  3.0
Charms         | 4 |  4.1
Dodging        | |  2.8
Spellcasting   | |  2.4

Action                   |  1- 3 |  4- 6 || total
-------------------------+-------+-------++-------
Melee: Falchion          |   103 |    67 ||   170
 Cast: Infusion          |     5 |     2 ||     7
 Abil: Hop               |     2 |     1 ||     3
  Use: Potion            |     3 |     1 ||     4
       Scroll            |     2 |     4 ||     6
  Eat: Chunk             |     3 |       ||     3
       Ration            |     1 |     1 ||     2
Armor: Leather armour    |    43 |    19 ||    62
       Skin              |    11 |       ||    11
Dodge: Dodged            |    69 |    32 ||   101
       Rpst.: Falchion   |    29 |    11 ||    40
